 Dungeon Crawl Stone Soup version 0.22.0-75-g3901e79 (webtiles) character file.

193 Fang the Skirmisher (level 5, -5/49 HPs)
             Began as a Gargoyle Berserker on Sept 11, 2018.
             Was a Believer of Trog.
             Slain by a worker ant (6 damage)
             ... on level 4 of the Dungeon.
             The game lasted 00:03:40 (1773 turns).

Fang the Skirmisher (Gargoyle Berserker)            Turns: 1773, Time: 00:03:41

Health: -5/49      AC:  6    Str: 27    XL:     5   Next: 72%
Magic:  5/5        EV: 12    Int:  7    God:    Trog [**....]
Gold:   135        SH:  0    Dex:  9    Spells: 4/4 levels left

rFire    . . .     SeeInvis .   a - +0 hand axe
rCold    . . .     Gourm    .   (no shield)
rNeg     + . .     Faith    .   b - +0 animal skin
rPois    ∞         Spirit   .   (no helmet)
rElec    +         Reflect  .   (no cloak)
rCorr    .         Harm     +   (no gloves)
MR       .....                  (no boots)
Stlth    ..........             e - amulet of harm
HPRegen  0.16/turn              (no ring)
MPRegen  0.09/turn              (no ring)

@: berserking, very quick
A: negative energy resistance 1, electricity resistance, unbreathing,
petrification resistance, rot immunity, AC +4
a: Berserk, Trog's Hand, Renounce Religion


You were on level 4 of the Dungeon.
You worshipped Trog.
Trog was pleased with you.
You were near starving.

You visited 1 branch of the dungeon, and saw 4 of its levels.

You collected 135 gold pieces.

Inventory:

Hand Weapons
 a - a +0 hand axe (weapon)
Armour
 b - a +0 animal skin (worn)
Jewellery
 e - an amulet of harm (around neck)
Wands
 l - a wand of disintegration (11)
Scrolls
 f - a scroll of amnesia {unknown}
 g - a scroll of fear {unknown}
 i - a scroll of magic mapping {unknown}
 j - 2 scrolls of remove curse {unknown}
 m - a scroll of enchant weapon {unknown}
Potions
 d - 2 potions of curing {unknown}
 h - a potion of flight {unknown}
 k - 2 potions of invisibility {unknown}
Comestibles
 c - 6 rations


   Skills:
 + Level 4.1 Fighting
 + Level 4.0 Axes
 + Level 2.5 Armour
 + Level 2.9 Dodging
 + Level 1.6 Stealth


You had 4 spell levels left.
You didn't know any spells.
Your spell library was empty.

Dungeon Overview and Level Annotations

Branches:
Dungeon (4/15)
 Temple: D:4-7

Altars:
Elyvilon
Nemelex Xobeh
Trog


Innate Abilities, Weirdness & Mutations

You are resistant to torment.
Your stone body is resilient. (AC +4)
You are immune to poison.
You resist negative energy. (rN+)
You are resistant to electric shocks. (rElec)
You can survive without breathing.
You are immune to petrification.
You are immune to rotting.


Message History

The ogre hits you with a giant club!!
Ouch! That really hurt!
* * * LOW HITPOINT WARNING * * *
A red film seems to cover your vision as you go berserk!
You feel yourself moving faster!
You feel mighty!
You are near starving!
You slash the ogre!
The ogre is almost dead.
You hit the worker ant. The worker ant barely misses you.
The ogre hits you with a giant club.
* * * LOW HITPOINT WARNING * * *
Unknown command.
You hit the ogre.
You kill the ogre!
Trog accepts your kill.
Your Fighting skill increases to level 4!
Your Axes skill increases to level 4!
You have reached level 5!
You hit the worker ant. The worker ant bites you.
You die...

## #. #.
#.#### #....#
#....# #(.a.#
#..@.# ##..)#
......s
.(.[.....$.
###..####.#...
#.. .# ## #..
# #..


You could see a worker ant and a giant cockroach.

Vanquished Creatures
  An ogre (D:4)
  An orc priest (D:3)
  A worker ant (D:3)
  An ooze (D:3)
  A dart slug (D:1)
  A worm (D:3)
  5 orcs (D:3)
  3 bats
  4 giant cockroaches
  5 hobgoblins
  2 quokkas (D:3)
  A frilled lizard (D:1)
  5 goblins
  8 kobolds
  3 rats
42 creatures vanquished.

Notes
Turn   | Place    | Note
-------+----------+-------------------------------------------
     0 | D:1      | Fang the Gargoyle Berserker began the quest for the Orb.
     0 | D:1      | Reached XP level 1. HP: 14/14 MP: 1/1
    80 | D:1      | Reached XP level 2. HP: 16/19 MP: 2/2
   734 | D:2      | Found a sparkling altar of Nemelex Xobeh.
   866 | D:3      | Reached XP level 3. HP: 24/24 MP: 3/3
  1044 | D:3      | Reached XP level 4. HP: 11/29 MP: 4/4
  1207 | D:3      | Reached ** piety under Trog
  1388 | D:3      | Found a white marble altar of Elyvilon.
  1411 | D:3      | Reached skill level 1 in Stealth
  1523 | D:3      | Found a bloodstained altar of Trog.
  1769 | D:4      | Noticed an ogre
  1772 | D:4      | HP: 1/43 [ogre/giant club (7)]
  1773 | D:4      | Killed an ogre
  1773 | D:4      | Reached XP level 5. HP: 1/33 MP: 5/5
  1773 | D:4      | Slain by a worker ant

Skill      XL: |  1  2  3  4 |
---------------+-------------+-----
Axes           | 3 4 |  4.0
Dodging        | 2 |  2.9
Stealth        | 1 |  1.6
Fighting       | 4 |  4.1
Armour         | |  2.5

Action                   |  1- 3 |  4- 6 || total
-------------------------+-------+-------++-------
Melee: Hand axe          |   118 |    36 ||   154
Invok: Berserk           |       |     2 ||     2
 Stab: Sleeping          |       |     1 ||     1
  Eat: Chunk             |       |     3 ||     3
Armor: Animal skin       |    44 |    12 ||    56
Dodge: Dodged            |    89 |    25 ||   114
